 Dungeon Crawl Stone Soup version 0.31-a0-1424-g2add1c7226 (webtiles) character file.

Game seed: 1892897778874829658

93151 Laraso the Scorcher (level 16, -7/137 HPs)
             Began as an Oni Cinder Acolyte on Dec 27, 2023.
             Was an Elder of Ignis.
             Mangled by an ettin
             ... wielding a +0 dire flail
              (22 damage)
             ... on level 2 of the Orcish Mines.
             The game lasted 01:13:15 (40536 turns).

Laraso the Scorcher (Oni Cinder Acolyte)           Turns: 40536, Time: 01:13:16

Health: -7/137     AC: 18    Str: 28    XL:     16   Next: 7%
Magic:  16/32      EV:  9    Int: 21    God:    Ignis [****..]
Gold:   2330       SH:  0    Dex:  4    Spells: 18/39 levels left

rFire   + . .        a - +1 flail (protect)
rCold   . . .        o - orb {*channel}
rNeg    . . .        A - +5 steam dragon scales
rPois   .            t - +1 hat
rElec   +            y - +5 cloak of Edibeiz {rElec}
rCorr   +            (gloves unavailable)
SInv    .            (boots unavailable)
Will    ++...        (no amulet)
Stlth   +            O - ring "Luahimm" {Will+ rCorr}
HPRegen 0.42/turn    M - +6 ring of strength
MPRegen 0.23/turn

%: channel magic (20%)
@: sluggish, very slow
A: large, unfitting armour, horns 1, tough skin 1, double potion healing,
drunken brawling
a: Renounce Religion, Fiery Armour, Foxfire Swarm, Rising Flame


You were on level 2 of the Orcish Mines.
You worshipped Ignis.
Ignis was greatly pleased with you.
You visited 3 branches of the dungeon, and saw 22 of its levels.
You also visited: Ossuary.

You collected 2420 gold pieces.
You spent 90 gold pieces at shops.

Inventory:

Hand Weapons
 a - a +1 flail of protection (weapon)
 b - a +0 giant club
 c - a +4 giant spiked club of venom
 P - a +1 morningstar of draining
Missiles
 d - 2 throwing nets
Armour
 o - an orb of energy (worn)
 t - a +1 hat (worn)
 y - the +5 cloak of Edibeiz (worn) {rElec}
   (You found it on level 12 of the Dungeon)

   rElec:     It insulates you from electricity.
 A - +5 steam dragon scales (worn)
Jewellery
 k - a ring of protection from cold
 B - a ring of positive energy
 F - a ring of protection from fire
 H - a ring of positive energy
 M - a +6 ring of strength (right hand)
 O - the ring "Luahimm" (left hand) {Will+ rCorr}
   (You found it on level 5 of the Lair of Beasts)

   [ring of resist corrosion]

   Will+:     It increases your willpower.
   rCorr:     It protects you from acid and corrosion.
Wands
 j - a wand of flame (29)
 l - a wand of digging (19)
 C - a wand of polymorph (3)
 G - a wand of paralysis (18)
 I - a wand of iceblast (9)
 J - a wand of quicksilver (8)
Scrolls
 e - a scroll of blinking
 f - 2 scrolls of amnesia
 h - 4 scrolls of poison
 i - 4 scrolls of vulnerability
 n - 4 scrolls of revelation
 q - 4 scrolls of immolation
 D - 4 scrolls of fog
 E - 3 scrolls of teleportation
 K - 3 scrolls of fear
 N - 2 scrolls of torment
Potions
 g - 6 potions of curing
 m - 2 potions of cancellation
 p - 2 potions of haste
 r - 3 potions of attraction
 s - 7 potions of brilliance
 u - 3 potions of mutation
 v - 4 potions of resistance
 w - 2 potions of ambrosia
 x - a potion of invisibility
 z - 3 potions of enlightenment


   Skills:
 - Level 4.0 Fighting
 - Level 14.0 Maces & Flails
 - Level 12.0 Spellcasting
 * Level 15.9 Fire Magic
 - Level 12.0 Air Magic
 - Level 7.0 Alchemy


You had 18 spell levels left.
You knew the following spells:

 Your Spells              Type           Power      Damage    Failure   Level
a - Scorch                Fire           100%       2d9       1%          2
b - Sticky Flame          Fire/Alch      57%        2d10      3%          4
f - Ignition              Fire           34%        3d10      67%         8
r - Airstrike             Air            29%        2d(5-21)  3%          4
s - Swiftness             Air            58%        N/A       1%          3

Your spell library contained the following spells:

 Spells                   Type           Power      Damage    Failure   Level
 Shock                    Conj/Air       100%       1d9       3%          1
 Ignite Poison            Fire/Alch      57%        N/A       3%          4
 Cigotuvi's Dreadful Rot  Necr/Alch/Air  78%        N/A       4%          2
 Static Discharge         Conj/Air       74%        3-7/arc   4%          2
 Kiss of Death            Conj/Necr      48%        2d9       16%         1
 Magic Dart               Conj           48%        1d5       16%         1
 Necrotise                Necr           48%        1d6       16%         1
 Jinxbite                 Hex            24%        N/A       21%         2
 Momentum Strike          Conj/Tloc      24%        3d8       21%         2
 Confusing Touch          Hex            12%        N/A       34%         3
 Frozen Ramparts          Ice            24%        1d4       34%         3
 Stone Arrow              Conj/Erth      24%        3d8       34%         3
 Summon Guardian Golem    Hex/Summ       12%        N/A       34%         3
 Tukima's Dance           Hex            12%        N/A       34%         3
 Vampiric Draining        Necr           12%        2d6       34%         3
 Yara's Violent Unravell  Hex/Alch       13%        3d7       56%         5
 Anguish                  Hex/Necr       6%         N/A       67%         4
 Animate Armour           Summ/Erth      24%        N/A       67%         4
 Animate Dead             Necr           12%        N/A       67%         4
 Cause Fear               Hex            6%         N/A       67%         4
 Dispel Undead            Necr           12%        3d9       67%         4
 Passage of Golubria      Tloc           12%        N/A       67%         4
 Summon Ice Beast         Ice/Summ       12%        N/A       67%         4
 Agony                    Necr           12%        N/A       93%         5
 Borgnjor's Vile Clutch   Necr/Erth      6%         N/A       93%         5
 Death Channel            Necr           6%         N/A       100%        6
 Enfeeble                 Hex            6%         N/A       100%        7
 Malign Gateway           Summ/Tloc      6%         N/A       100%        7
 Orb of Destruction       Conj           6%         9d6       100%        7
 Spellforged Servitor     Conj/Summ      6%         N/A       100%        7
 Lehudib's Crystal Spear  Conj/Erth      6%         10d3      100%        8
 Summon Horrible Things   Summ           6%         N/A       100%        8
 Polar Vortex             Ice            6%         N/A       100%        9


Dungeon Overview and Level Annotations

Branches:
Dungeon (15/15)            Temple (0/1) D:5            Lair (5/5) D:9
 Shoals (0/4) Lair:2       Spider (0/4) Lair:3        Slime (0/5) Lair:5
    Orc (2/2) D:12            Elf (0/3) Orc:2        Vaults (0/5) D:14
Ossuary (visited)
 Depths: D:15

Altars:
Ashenzari
Cheibriados
Dithmenos
Elyvilon
Hepliaklqana
Kikubaaqudgha
Makhleb
Nemelex Xobeh
Okawaru
Ru
Sif Muna
Trog
Uskayaw
Wu Jian
Xom
Yredelemnul
The Shining One

Shops:
D:1 (   D:6 *   D:14 *

Portals:
Trove: D:12 (give +3 fire dragon scales)


Innate Abilities, Weirdness & Mutations

You are too large for most types of armour.
You have a pair of small horns on your head.
You have tough skin. (AC +1)
You gain doubled healing and magic from potions.
Whenever you drink a healing potion, you attack all around you.


Message History

You feel quick. The ettin attacks as it pursues you!
The ettin hits you with a +0 dire flail! x2
You start to feel a little slower.
You feel sluggish.
Things that are here:
a +3 plate armour; a +0 halberd of venom
Casting: Swiftness (safe; 1% risk of failure)
Confirm with . or Enter, or press ? or * to list all spells.
Flames lash the ettin.
The ettin is lightly wounded.
The ettin's fire resistance burns away.
You start to feel a little faster.
Casting: Scorch (safe; 1% risk of failure)
Confirm with . or Enter, or press ? or * to list all spells.
Flames lash the ettin.
The ettin is burned terribly!
The ettin is moderately wounded.
Magical energy flows into your mind!
Casting: Scorch (safe; 1% risk of failure)
Confirm with . or Enter, or press ? or * to list all spells.
Aiming: Sticky Flame (mildly dangerous; 3% risk of failure)
Press: ? - help, Shift-Dir - straight line, f - ettin
Aim: an ettin, wielding two +0 dire flails (lightly wounded, more vulnerable to fire)
The sticky flame hits the ettin but does no damage.
The ettin is lightly wounded.
Magical energy flows into your mind!
The ettin burns!
The ettin closely misses you.
The ettin hits you with a +0 dire flail!!
Casting: Sticky Flame (mildly dangerous; 3% risk of failure)
Confirm with . or Enter, or press ? or * to list all spells.
Aiming: Airstrike (mildly dangerous; 3% risk of failure)
Press: ? - help, Dir - move target, f/p - ettin
Aim: an ettin, wielding two +0 dire flails (heavily wounded, covered in liquid flames, more vulnerable to fire, empty space bonus: 7/8)
The air twists around and strikes the ettin!!
The ettin is almost dead.
The ettin burns!
The ettin hits you with a +0 dire flail!!
* * * LOW HITPOINT WARNING * * *
The ettin hits you with a +0 dire flail!!
You die...

...#####.......#.##........###...
...####........#####.......#####.
.....##........#.##..........###.
.....##...........#..........#...
##...#.....##..........C.........
.#.......####.......##.#.........
###......# ###......####......##
.###.[...## ##.C)..#.###..#....
###.<[....#####.@.......#####..##
.#.)...)).##.##........## #.#.#
#....#..)..##..........## #####
....##...........#......###
.....##..........#....)...##
....###....)..#.###........#
.....##........##........###
......#.................##
......................###


You could see an ettin (burning, combustible).

Vanquished Creatures
  Saint Roka (Orc:1)
  An orc warlord (D:12)
  Nessos (Lair:3)
  Snorg (Orc:2)
  4 vault guards
  3 centaur warriors
  4 hydras
  3 catoblepae
  An ogre mage (D:14)
  A deep troll shaman (Lair:5)
  2 boulder beetles
  Erica (D:9)
  3 two-headed ogres
  Urug (Lair:3)
  7 death yaks
  Sonja (Orc:2)
  2 skysharks
  A pharaoh ant (Lair:3)
  An orc knight (Orc:2)
  Pikel (D:5)
  6 orc sorcerers
  4 manticores
  A deep elf pyromancer (D:13)
  7 cyclopes
  Maurice (Orc:2)
  8 ugly things
  20 elephants
  A torpor snail (Lair:3)
  3 black mambas (Lair:4)
  9 cane toads
  3 kobold blastminers
  Maggie (D:7)
  A kobold demonologist (D:9)
  Jeremiah (D:6)
  5 rime drakes
  An efreet (D:12)
  A tengu conjurer (D:7)
  2 freezing wraiths
  10 komodo dragons
  A queen bee (Lair:3)
  11 trolls
  2 trolls (shapeshifter) (D:14)
  A tarantella (Lair:3)
  A hornet (D:9)
  Grinder (D:5)
  6 saltlings (Orc:2)
  6 dream sheep
  A raiju (shapeshifter) (D:14)
  16 blink frogs
  Sigmund (D:2)
  13 slime creatures
  A vampire (D:7)
  12 wyverns
  57 yaks
  4 fire bats (Orc:1)
  A wraith (D:9)
  10 basilisks
  4 steam dragons
  3 wargs
  12 vampire mosquitoes
  A redback (Lair:3)
  The ghost of randomguy2701 the Gusty, an amateur TeAE (D:3)
  24 water moccasins
  20 orc warriors
  A sky beast (D:7)
  5 ogres
  4 ice beasts
  8 black bears
  26 wolves
  10 centaurs
  A lemure (D:6)
  An elf zombie (Ossuary)
  12 bullfrogs
  3 gnoll sergeants
  5 scorpions
  7 wights
  32 killer bees
  8 howler monkeys
  A spectral bullfrog (Ossuary)
  A lava snake (Orc:1)
  5 hounds
  A centaur zombie (Ossuary)
  17 jellies
  5 human zombies (Ossuary)
  8 orc priests
  3 gnoll boudas
  6 sleepcaps
  2 scorpion zombies (D:3)
  Terence (D:2)
  Natasha (thrice) (D:2)
  3 iguanas
  9 orc wizards
  A bullfrog simulacrum (Ossuary)
  3 spectral hounds (Ossuary)
  2 crocodile zombies (Ossuary)
  2 mummies (Ossuary)
  A howler monkey zombie (D:3)
  23 gnolls
  4 adders
  2 hound simulacra (Ossuary)
  2 white imps
  4 spectral adders (Ossuary)
  3 ufetubi (D:7)
  A spectral gnoll (Ossuary)
  4 worms
  3 dart slugs
  2 adder simulacra (Ossuary)
  55 orcs
  10 endoplasms
  A giant cockroach (D:1)
  3 gnoll zombies (Ossuary)
  5 goblins
  5 hobgoblins
  16 jackals
  4 quokkas
  9 ball pythons
  A ball python zombie (D:3)
  8 bats
  2 frilled lizards
  6 gnoll simulacra (Ossuary)
  6 kobolds
  6 kobold zombies (Ossuary)
  7 orc zombies (Ossuary)
  7 rats
  5 spectral jackals (Ossuary)
736 creatures vanquished.

Notes
Turn   | Place    | Note
-------+----------+-------------------------------------------
     0 | D:1      | Laraso the Oni Cinder Acolyte began the quest for the Orb.
     0 | D:1      | Reached XP level 1. HP: 24/24 MP: 2/2
   152 | D:1      | Reached XP level 2. HP: 26/32 MP: 2/4
   177 | D:1      | Learned a level 2 spell: Scorch
   391 | D:1      | Found Eqietz's Antique Weapon Emporium.
   527 | D:1      | Reached skill level 3 in Fire Magic
   555 | D:1      | Reached XP level 3. HP: 39/39 MP: 3/6
  1156 | D:2      | Noticed Natasha
  1159 | D:2      | Killed Natasha
  1160 | D:2      | Reached XP level 4. HP: 48/48 MP: 3/9
  1181 | D:2      | Noticed Terence
  1251 | D:2      | Killed Terence
  1723 | D:2      | Reached XP level 5. HP: 54/54 MP: 6/11
  1940 | D:2      | Found a shimmering blue altar of Sif Muna.
  1975 | D:2      | Noticed Sigmund
  1988 | D:2      | Killed Sigmund
  1989 | D:2      | Reached XP level 6. HP: 54/62 MP: 2/15
  2197 | D:2      | Learned a level 3 spell: Swiftness
  2202 | D:2      | Learned a level 4 spell: Sticky Flame
  2246 | D:2      | Noticed Natasha
  2251 | D:2      | Killed Natasha
  2394 | D:2      | Noticed Natasha
  2399 | D:2      | Killed Natasha
  2783 | D:3      | Found a runed translucent gate.
  2783 | D:3      | Found a runed translucent gate.
  2783 | D:3      | Noticed randomguy2701's ghost (amateur TeAE)
  2784 | D:3      | Found a runed translucent gate.
  2875 | D:3      | Found a basalt altar of Yredelemnul.
  2908 | D:3      | Reached XP level 7. HP: 49/70 MP: 3/17
  3350 | D:3      | Killed randomguy2701's ghost
  3819 | D:4      | Found a sacrificial altar of Ru.
  3983 | D:4      | Found a sand-covered staircase.
  3993 | Ossuary  | Entered an ossuary
  4446 | Ossuary  | Reached skill level 1 in Air Magic
  4446 | Ossuary  | Reached XP level 8. HP: 53/65 MP: 13/20
  4452 | Ossuary  | Reached skill level 1 in Alchemy
  4603 | Ossuary  | Reached skill level 5 in Maces & Flails
  5453 | Ossuary  | Reached skill level 4 in Fire Magic
  5702 | D:4      | Found a snail-covered altar of Cheibriados.
  5979 | D:5      | Entered Level 5 of the Dungeon
  6577 | D:5      | Reached XP level 9. HP: 47/84 MP: 5/21
  7009 | D:5      | Found a staircase to the Ecumenical Temple.
  7230 | D:6      | Reached skill level 5 in Fire Magic
  7389 | D:6      | Noticed Jeremiah
  7531 | D:6      | Noticed Grinder
  7663 | D:5      | Paralysed by Grinder for 4 turns
  7670 | D:5      | Killed Grinder
  7829 | D:6      | Killed Jeremiah
  8133 | D:6      | Noticed Pikel
  8168 | D:5      | Killed Pikel
  8169 | D:5      | Reached skill level 6 in Fire Magic
  8398 | D:6      | Reached skill level 5 in Air Magic
  8461 | D:6      | Found Liafum's Assorted Antiques.
  8569 | D:6      | Bought a scroll labelled RUNEEPT WIULEUN for 26 gold pieces
  8569 | D:6      | Bought a scroll labelled LYGHUZ IVEADY for 26 gold pieces
  8630 | D:6      | Reached skill level 5 in Alchemy
  8914 | D:6      | Reached XP level 10. HP: 84/92 MP: 15/22
  9287 | D:6      | Reached skill level 7 in Fire Magic
  9494 | D:6      | Learned a level 8 spell: Ignition
  9499 | D:6      | Learned a level 4 spell: Airstrike
  9700 | D:7      | Found an ancient bone altar of Kikubaaqudgha.
  9711 | D:7      | Found a bloodstained altar of Trog.
 10123 | D:7      | Found a hazy altar of Hepliaklqana.
 10139 | D:7      | Found a glowing golden altar of the Shining One.
 10629 | D:7      | You fall into a shaft and drop 2 floors!
 10629 | D:9      | Found a shadowy altar of Dithmenos.
 10629 | D:9      | Found a burning altar of Makhleb.
 10629 | D:9      | Found a hide-covered altar of Uskayaw.
 10629 | D:9      | Found a broken altar of Ashenzari.
 10629 | D:9      | Found a white marble altar of Elyvilon.
 10643 | D:10     | Entered Level 10 of the Dungeon
 10755 | D:9      | Reached skill level 8 in Fire Magic
 10935 | D:9      | Noticed Erica
 10943 | D:9      | Killed Erica
 10944 | D:9      | Reached XP level 11. HP: 56/100 MP: 1/23
 11744 | D:8      | Reached skill level 9 in Fire Magic
 11819 | D:8      | Found a shimmering blue altar of Sif Muna.
 12078 | D:8      | Noticed a manticore
 12092 | D:8      | Killed a manticore
 12978 | D:7      | Noticed Maggie
 12980 | D:7      | Noticed a green ugly thing
 12994 | D:7      | Killed a green ugly thing
 12998 | D:7      | Killed Maggie
 13396 | D:7      | Identified the +1 helmet of Puvafet {Will++ Dex-4 Slay+4}
 14093 | D:9      | Found a staircase to the Lair.
 14492 | D:9      | Got the Folio of Hazy Combat Magic
 14513 | D:9      | Got the Precepts of Wintry Ectoplasm
 14644 | D:9      | Reached skill level 10 in Fire Magic
 15155 | D:10     | Found a sparkling altar of Nemelex Xobeh.
 15159 | D:10     | Found an iron altar of Okawaru.
 15472 | D:10     | Reached XP level 12. HP: 105/107 MP: 13/24
 16023 | D:10     | Found an ornate altar of the Wu Jian Council.
 16285 | D:11     | Noticed a boulder beetle
 16294 | D:11     | Killed a boulder beetle
 16423 | D:11     | Noticed a two-headed ogre
 16430 | D:11     | Killed a two-headed ogre
 17139 | Lair:1   | Entered Level 1 of the Lair of Beasts
 17204 | Lair:1   | Reached skill level 11 in Fire Magic
 17248 | Lair:1   | Reached skill level 10 in Air Magic
 18011 | D:9      | Reached skill level 10 in Maces & Flails
 18287 | Lair:1   | Found a shimmering altar of Xom.
 18953 | Lair:1   | Reached skill level 12 in Fire Magic
 19212 | Lair:1   | Reached XP level 13. HP: 48/114 MP: 5/25
 19763 | Lair:2   | Found the amulet of Elemental Vulnerability {rPois rF--
                  | rC-- AC+8}
 20003 | Lair:2   | Found a staircase to the Shoals.
 20669 | Lair:2   | Identified the +4 war axe "Cuxasiz" {venom, rPois rC+
                  | Stlth+}
 21725 | Lair:3   | Reached skill level 13 in Fire Magic
 22973 | Lair:3   | Noticed Urug
 23428 | Lair:3   | Killed Urug
 24569 | Lair:3   | Reached XP level 14. HP: 123/123 MP: 21/26
 24826 | Lair:3   | Noticed Nessos
 24836 | Lair:3   | Killed Nessos
 24943 | Lair:3   | Found a hole to the Spider Nest.
 25818 | Lair:4   | HP: 5/123 [eight-headed hydra (6)]
 26799 | Lair:4   | Reached skill level 14 in Fire Magic
 27383 | Lair:4   | Identified the +4 chain mail "Jona" {+Blink rF- Regen+
                  | Dex-5}
 27438 | Lair:5   | Entered Level 5 of the Lair of Beasts
 28619 | Lair:5   | Found a staircase to the Slime Pits.
 29921 | Lair:5   | Reached skill level 15 in Fire Magic
 30319 | Lair:5   | Reached XP level 15. HP: 112/130 MP: 18/27
 30668 | Lair:5   | Identified the ring "Luahimm" {Will+ rCorr}
 30906 | D:12     | Found a portal to a secret trove of treasure.
 32176 | D:12     | Found a staircase to the Orcish Mines.
 32753 | D:12     | Identified the +5 cloak of Edibeiz {rElec}
 35299 | D:14     | Identified the +11 arbalest of Instinct {flame, rElec}
 36115 | D:14     | Found Ydatahic's General Store.
 36123 | D:14     | Bought a scroll of identify for 38 gold pieces
 36196 | D:14     | Found a gate to the Vaults.
 36427 | D:15     | Entered Level 15 of the Dungeon
 36586 | Orc:1    | Entered Level 1 of the Orcish Mines
 36620 | Orc:1    | Reached skill level 10 in Spellcasting
 36798 | Orc:1    | Found a shimmering altar of Xom.
 37333 | Orc:1    | Noticed an orc warlord
 37565 | D:12     | Killed an orc warlord
 38195 | Orc:2    | Entered Level 2 of the Orcish Mines
 38198 | Orc:2    | Noticed Sonja
 38202 | Orc:2    | Killed Sonja
 38328 | Orc:2    | Found a staircase to the Elven Halls.
 38589 | Orc:2    | Noticed Snorg
 38628 | Orc:2    | Killed Snorg
 38868 | Orc:2    | Noticed Maurice
 38878 | Orc:2    | Killed Maurice
 39128 | Orc:2    | Noticed Saint Roka
 39707 | Orc:1    | Killed Saint Roka
 40058 | Orc:2    | Reached XP level 16. HP: 124/137 MP: 17/31
 40536 | Orc:2    | Mangled by an ettin

Illustrated notes

Levels and vault maps discovered:
D:1:      lightli_arrival_farm, layout_loops_ring, serial_shops, shop
D:2:      layout_loops_ring, basic_altar, minmay_misc_feat_rows,
          minmay_randomly_rotated_circles, uniq_terence, uniq_natasha,
          uniq_sigmund
D:3:      layout_basic, nicolae_yredelemnul_corpse_copse, gammafunk_ghost_split,
          minmay_misc_feat_cross
D:4:      layout_basic, mainiacjoe_overflow_surrounded_room,
          cheibriados_altar_1, nicolae_ossuary_entry_monument
D:5:      layout_basic, minmay_temple_entry_slanted
D:6:      layout_gridville, serial_shops, nicolae_shop_tiny_waterfront,
          uniq_pikel, uniq_jeremiah, uniq_grinder
D:7:      layout_basic, nicolae_kikubaaqudgha_miasma_corner,
          mainiacjoe_overflow_big_doors, trog_book, skrybe_limestone_x,
          minmay_the_grid_2x2 [minmay_the_grid_rooms, minmay_the_grid_expand,
          minmay_the_grid_large_cup, minmay_the_grid_prize_diamond_cup],
          uniq_maggie
D:8:      layout_cave_pods, nicolae_overflow_crystal_walls
D:9:      layout_cave_pools, nicolae_overflow_hidden_temple, david_lair_generic,
          minmay_librarian, uniq_erica
D:10:     layout_gridville, minitemple, kennysheep_mini, corexii_checkpoint
D:11:     layout_cave_pools
D:12:     layout_stronghold, orc_0_dummy, enter_trove_0,
          chequers_serial_rivers_micro_d, kennysheep_generic_room_16
D:13:     layout_cross
D:14:     layout_gridville, lightli_vaults_fourway_checkpoint,
          serial_park_tiny_2, serial_shops, nicolae_shop_peninsula
D:15:     hellmonk_depths_entry_around_the_bend, layout_irregular_city,
          minmay_misc_feat_pillars, uniq_rupert
Lair:1:   layout_regular_city, basic_altar
Lair:2:   layout_hall_layers, minmay_shoals_entry_beasts, beast_lair_carwin_9,
          grunt_megastairs_1, infiniplex_staircase_pool_2
Lair:3:   regret_index_bee_streams, layout_regular_city,
          nicolae_spider_entry_lesser_pyramids, uniq_urug, uniq_nessos
Lair:4:   layout_loops_ring, grunt_megastairs_2
Lair:5:   grunt_lair_end_beastmaster, layout_regular_city,
          minmay_slime_entry_jelly_boxes, nicolae_quartered_pool_impasse,
          minmay_hedge_maze
Orc:1:    layout_caves, basic_altar, nicolae_orc_lava_tube
Orc:2:    hellmonk_orc_salted, layout_diamond_mine, uniq_sonja, uniq_snorg,
          uniq_maurice, uniq_saint_roka

Skill      XL: |  1  2  3  4  5  6  7  8  9 10 11 12 13 14 15 16 |
---------------+-------------------------------------------------+-----
Spellcasting   | 2 3 4 6 7 8 11 12 | 12.0
Fire Magic     | 3 4 6 8 10 12 13 15 | 15.9
Maces & Flails | 4 5 6 7 8 10 11 12 14 | 14.0
Air Magic      | 1 3 5 6 8 10 11 12 | 12.0
Alchemy        | 3 5 7 |  7.0
Fighting       | |  4.0

Action                     |  1- 3 |  4- 6 |  7- 9 | 10-12 | 13-15 | 16-18 || total
---------------------------+-------+-------+-------+-------+-------+-------++-------
  Melee: Mace              |    42 |    26 |    14 |       |       |       ||    82
         Headbutt          |     7 |     4 |    29 |    45 |    87 |    12 ||   184
         Flail             |       |       |   125 |   258 |   483 |    29 ||   895
   Cast: Scorch            |    16 |    67 |   205 |   185 |   234 |     8 ||   715
         Sticky Flame      |       |       |    17 |   126 |   255 |     6 ||   404
         Airstrike         |       |       |       |    23 |   215 |     7 ||   245
         Swiftness         |       |       |       |     3 |    22 |     1 ||    26
 Invoke: Fiery Armour      |       |       |       |     1 |     2 |       ||     3
  Evoke: Wand              |       |       |       |       |     2 |       ||     2
    Use: Scroll            |       |     2 |     4 |    20 |    10 |       ||    36
         Potion            |       |       |     4 |     1 |     7 |       ||    12
   Stab: Paralysed         |       |       |       |       |     3 |       ||     3
 Armour: Robe              |    33 |    60 |   233 |    44 |       |       ||   370
         Skin              |       |       |    35 |       |    32 |       ||    67
         Steam dragon scal |       |       |       |   517 |   984 |    35 ||  1536
  Dodge: Dodged            |    27 |    39 |   130 |   270 |   444 |    19 ||   929

Table legend: (Time is in decaauts)
 A = Elapsed time spent in this place.
 B = Non-inter-level travel time spent in this place.
 C = Inter-level travel time spent in this place.
 D = Time resting spent in this place.
 E = Time spent auto-exploring this place.
 F = Levels seen in this place.
 G = Mean time per level.
                   A        B        C        D        E       F      G
               +--------+--------+--------+--------+--------+-----+--------+
         Total |  40470 |  38937 |   1533 |  17291 |  15006 |  23 | 1759.6 |
       Dungeon |  22603 |  21630 |    973 |   8561 |   9783 |  15 | 1506.9 |
          Lair |  12891 |  12361 |    530 |   6128 |   4029 |   5 | 2578.2 |
  Orcish Mines |   3332 |   3302 |     30 |   1435 |   1105 |   2 | 1666.0 |
       Ossuary |   1643 |   1643 |      0 |   1167 |     89 |   1 | 1643.0 |
               +--------+--------+--------+--------+--------+-----+--------+

Top non-repeatable levels by time:
  Lair:3: 3083 daAuts
  Lair:2: 3064 daAuts
    D:12: 2943 daAuts
  Lair:5: 2547 daAuts
  Lair:4: 2441 daAuts
     D:9: 2218 daAuts
   Orc:1: 2153 daAuts
     D:6: 1958 daAuts
     D:8: 1920 daAuts
     D:7: 1892 daAuts
    D:13: 1851 daAuts
     D:5: 1835 daAuts
  Lair:1: 1754 daAuts
 Ossuary: 1643 daAuts
     D:1: 1333 daAuts
